 Dungeon Crawl Stone Soup version 0.21-a0-513-gdcb3f5e (webtiles) character file.

248 Gerstahl the Poker (level 5, 0/43 HPs)
             Began as a Demonspawn Gladiator on Dec 2, 2017.
             Succumbed to a gnoll's poison
             ... on level 5 of the Dungeon.
             The game lasted 00:03:07 (2324 turns).

Gerstahl the Poker (Demonspawn Gladiator)           Turns: 2324, Time: 00:03:08

Health: 0/43       AC:  6    Str: 14    XL:     5   Next: 86%
Magic:  3/5        EV: 13    Int:  9    God:
Gold:   88         SH:  0    Dex: 16    Spells: 4/4 levels left

rFire    . . .     SeeInvis .   a - +0 trident
rCold    . . .     Gourm    .   (no shield)
rNeg     . . .     Faith    .   b - +0 leather armour
rPois    .         Spirit   +   c - +0 helmet
rElec    .         Reflect  .   (no cloak)
rCorr    .         Harm     .   (no gloves)
MR       .....                  (no boots)
Stlth    +.........             (no amulet)
HPRegen  0.14/turn              (no ring)
MPRegen  0.09/turn              (no ring)

@: lethally poisoned (0 -> -19)
A: talons 2, iridescent scales 1, magic shield
a: no special abilities


You were on level 5 of the Dungeon.
You were not hungry.

You visited 1 branch of the dungeon, and saw 5 of its levels.

You collected 88 gold pieces.

Inventory:

Hand Weapons
 a - a +0 trident (weapon)
Missiles
 d - 3 throwing nets (quivered)
Armour
 b - a +0 leather armour (worn)
 c - a +0 helmet (worn)
Jewellery
 e - an uncursed ring of flight {unknown}
 o - an uncursed ring of positive energy {unknown}
Scrolls
 i - a scroll of magic mapping {unknown}
 j - 2 scrolls of identify {unknown}
 k - a scroll of remove curse {unknown}
 l - a scroll of blinking {unknown}
 p - 2 scrolls of fear {unknown}
Potions
 g - 2 potions of cancellation {unknown}
 m - a potion of agility {unknown}
 n - 2 potions of curing {unknown}
 s - a potion of heal wounds {unknown}
 t - a potion of mutation {unknown}
Comestibles
 f - a bread ration
 h - 3 royal jellies
 r - a meat ration


   Skills:
 + Level 4.5 Fighting
 + Level 4.6 Polearms
 - Level 1.7 Throwing
 - Level 2.6 Dodging


You had 4 spell levels left.
You didn't know any spells.

Dungeon Overview and Level Annotations

Branches:
Dungeon (5/15)
 Temple: D:4-7

Altars:

Annotations:
D:4 Scuka's ghost, amateur MfTm


Innate Abilities, Weirdness & Mutations

You have razor-sharp toenails.
You are partially covered in iridescent scales. (AC +2)
When hurt, damage is shared between your health and your magic reserves.


Message History

* * * LOW HITPOINT WARNING * * *
You are lethally poisoned!
The gnoll hits you but does no damage.
You are more poisoned.
You hit the gnoll. Your kick misses the gnoll.
The gnoll is severely wounded.
* * * LOW HITPOINT WARNING * * *
You feel sick. The gnoll closely misses you.
The gnoll hits you but does no damage.
You are more poisoned.
You hit the gnoll but do no damage. You claw the gnoll, but do no damage.
The gnoll is severely wounded.
* * * LOW HITPOINT WARNING * * *
You feel sick. The gnoll closely misses you.
You barely miss the gnoll. You claw the gnoll.
You kill the gnoll!
* * * LOW HITPOINT WARNING * * *
You feel sick.
You miss the hound.
You die... ########. #@h..?).. #########

You could see a hound.

Vanquished Creatures
  A hound (D:4)
  Jessica (D:2)
  An orc wizard (D:3)
  A howler monkey skeleton (D:4)
  2 gnolls (D:5)
  5 adders
  2 oozes
  2 worms (D:2)
  A dart slug (D:2)
  2 leopard geckos (D:3)
  10 orcs (D:3)
  7 bats
  4 giant cockroaches
  8 goblins
  7 hobgoblins
  2 jackals (D:3)
  3 frilled lizards
  8 kobolds
  5 rats
72 creatures vanquished.

Notes
Turn   | Place    | Note
-------+----------+-------------------------------------------
     0 | D:1      | Gerstahl the Demonspawn Gladiator began the quest for the Orb.
     0 | D:1      | Reached XP level 1. HP: 16/16 MP: 1/1
    99 | D:1      | Gained mutation: You are partially covered in iridescent scales. (AC +2) [demonic ancestry]
    99 | D:1      | Reached XP level 2. HP: 20/23 MP: 2/2
   800 | D:2      | Gained mutation: When hurt, damage is shared between your health and your magic reserves. [demonic ancestry]
   800 | D:2      | Reached XP level 3. HP: 27/28 MP: 3/3
   859 | D:2      | Noticed Jessica
   871 | D:2      | Killed Jessica
   875 | D:2      | Gained mutation: You have sharp toenails. [demonic ancestry]
   875 | D:2      | Reached XP level 4. HP: 24/35 MP: 2/4
  1535 | D:3      | Gained mutation: You have razor-sharp toenails. [demonic ancestry]
  1535 | D:3      | Reached XP level 5. HP: 19/42 MP: 3/5
  1539 | D:3      | HP: 2/42 [orc/war axe (3)]
  1545 | D:3      | HP: 1/42 [orc/dagger (2)]
  2197 | D:4      | Noticed Scuka's ghost (amateur MfTm)
  2317 | D:5      | Entered Level 5 of the Dungeon
  2323 | D:5      | HP: 1/43 [poisoned by a gnoll]
  2324 | D:5      | Succumbed to a gnoll's poison

Vault maps used:
D:1:      ncdulo_smallfort
D:2:      uniq_jessica
D:4:      lemuel_crystal_altar, uniq_grinder
D:5:      temple_green, first_bread, uniq_edmund, uniq_blork_the_orc,
          uniq_prince_ribbit1

Skill      XL: |  1  2  3  4  5 |
---------------+----------------+-----
Polearms       | 3 4 |  4.6
Fighting       | 3 4 |  4.5
Throwing       | |  1.7
Dodging        | |  2.6

Action                   |  1- 3 |  4- 6 || total
-------------------------+-------+-------++-------
Melee: Trident           |    71 |   145 ||   216
       Kick              |       |    38 ||    38
  Use: Potion            |       |     1 ||     1
 Stab: Sleeping          |     1 |     1 ||     2
  Eat: Chunk             |       |     5 ||     5
Armor: Leather armour    |    15 |    26 ||    41
Dodge: Dodged            |    37 |    72 ||   109

Table legend:
 A = Spawn XP
 B = Non-spawn XP
 C = Spawn XP percentage of total XP
 D = Spawn monster count
 E = Non-spawn monster count
 F = Spawn count percentage of total count
 G = Total turns spent on level
                    A         B        C        D         E        F      G
               +---------+---------+-------+---------+---------+-------+---------
         Total |       0 |     355 |   0.0 |       0 |      72 |   0.0 |  2324
               +---------+---------+-------+---------+---------+-------+---------
           D:1 |       0 |      33 |   0.0 |       0 |      16 |   0.0 |   733
           D:2 |       0 |     116 |   0.0 |       0 |      25 |   0.0 |   653
           D:3 |       0 |     118 |   0.0 |       0 |      27 |   0.0 |   826
           D:4 |       0 |      60 |   0.0 |       0 |       2 |   0.0 |   105
           D:5 |       0 |      28 |   0.0 |       0 |       2 |   0.0 |     7
               +---------+---------+-------+---------+---------+-------+---------
